 Dungeon Crawl Stone Soup version 0.31-a0-858-g469dc525a8 (webtiles) character file.

Game seed: 9918186635337918125

53826 Revguard the Blocker (level 14, -15/90 HPs)
             Began as a Gargoyle Fighter on Oct 9, 2023.
             Was an Elder of the Shining One.
             Killed from afar by Roxanne (48 damage)
             ... with a crystal spear
             ... on level 15 of the Dungeon.
             The game lasted 00:40:56 (15724 turns).

Revguard the Blocker (Gargoyle Fighter)            Turns: 15724, Time: 00:41:02

Health: -15/90     AC: 31    Str: 26    XL:     14   Next: 70%
Magic:  17/17      EV: 13    Int:  4    God:    the Shining One [****..]
Gold:   1325       SH:  7    Dex: 10    Spells: 13/13 levels left

rFire   + . .        u - +1 war axe (freeze)
rCold   + . .        c - +0 buckler
rNeg    + + +        s - +3 ring mail {rC+}
rPois   ∞            r - +0 helmet
rElec   +            (no cloak)
rCorr   .            E - +0 pair of gloves
SInv    .            D - +2 pair of boots
Will    ++...        (no amulet)
Stlth   +            t - ring "Ujuer" {rN+++ AC+4 Int-5}
HPRegen 0.35/turn    m - ring of Wu Jian's Condemnation {rElec rF+ Will+ Slay+2 Stlth+}
MPRegen 0.15/turn

%: no passive effects
@: mighty, flying, glowing, studying Ranged Weapons
A: sickness immunity, AC +10, big wings, negative energy resistance 1,
electricity resistance, torment resistance 1, petrification resistance, low MP
2, strong 1, evolution 1, inability to drink after injury 2
a: Renounce Religion, Divine Shield, Cleansing Flame


You were on level 15 of the Dungeon.
You worshipped the Shining One.
The Shining One was greatly pleased with you.
You visited 2 branches of the dungeon, and saw 16 of its levels.
You also visited: Bailey.

You collected 2125 gold pieces.
You spent 800 gold pieces at shops.

Inventory:

Hand Weapons
 u - a +1 war axe of freezing (weapon)
 v - a +4 morningstar
 z - a +1 broad axe
 A - a -1 demon whip of venom
 N - a +2 war axe of venom
Armour
 c - a +0 buckler (worn)
 r - a +0 helmet (worn)
 s - a +3 ring mail of cold resistance (worn)
 D - a +2 pair of boots (worn)
 E - a +0 pair of gloves (worn)
Jewellery
 b - a +6 ring of intelligence
 e - a +6 ring of intelligence
 h - a ring of ice
 m - the ring of Wu Jian's Condemnation (right hand) {rElec rF+ Will+ Slay+2 Stlth+}
   (You acquired it in a bailey)

   [ring of willpower]

   Slay+2:    It affects your accuracy & damage with ranged weapons and melee
   (+2).
   rF+:       It protects you from fire.
   rElec:     It insulates you from electricity.
   Will+:     It increases your willpower.
   Stlth+:    It makes you more stealthy.
 t - the ring "Ujuer" (left hand) {rN+++ AC+4 Int-5}
   (You acquired it on level 3 of the Dungeon)

   [ring of protection]

   AC+4:      It affects your AC (+4).
   Int-5:     It affects your intelligence (-5).
   rN+++:     It renders you almost immune to negative energy.
 I - a +6 ring of strength
 J - a ring of wizardry
Wands
 q - a wand of roots (5)
 y - a wand of paralysis (7)
 F - a wand of quicksilver (8)
Scrolls
 a - 3 scrolls of identify
 i - 3 scrolls of noise
 j - 2 scrolls of poison
 B - 5 scrolls of enchant armour
 C - 2 scrolls of teleportation
 H - 2 scrolls of immolation
 K - a scroll of revelation
 L - 3 scrolls of torment
 P - a scroll of fog {unknown}
Potions
 d - 4 potions of might
 f - 4 potions of curing
 g - a potion of enlightenment
 k - a potion of ambrosia
 l - 5 potions of haste
 n - 3 potions of lignification
 o - 3 potions of resistance
 p - a potion of brilliance
 w - 6 potions of attraction
 G - a potion of magic
 M - a potion of cancellation


   Skills:
 + Level 11.4 Fighting
 + Level 12.6(12.7) Axes
 - Level 3.1(9.4) Maces & Flails
 + Level 11.1 Armour
 + Level 8.1 Dodging
 + Level 14.7 Shields
 + Level 10.5 Invocations
 + Level 8.9 Evocations


You had 13 spell levels left.
You didn't know any spells.
Your spell library contained the following spells:

 Spells                   Type           Power      Damage    Failure   Level
 Scorch                   Fire           0%         2d5       78%         2
 Gell's Gravitas          Tloc           0%         N/A       95%         3
 Hailstorm                Conj/Ice       0%         3d3       95%         3
 Ignite Poison            Fire/Tmut/Pois 0%         N/A       95%         3
 Teleport Other           Tloc           0%         N/A       95%         3
 Animate Armour           Summ/Erth      0%         N/A       100%        4
 Flame Wave               Conj/Fire      0%         2d4       100%        4
 Summon Ice Beast         Ice/Summ       0%         N/A       100%        4
 Summon Lightning Spire   Summ/Air       0%         N/A       100%        4
 Freezing Cloud           Conj/Ice/Air   0%         6-21      100%        5
 Lee's Rapid Deconstruct  Erth           0%         3d4*      100%        5
 Dispersal                Tloc           0%         N/A       100%        6
 Simulacrum               Ice/Necr       0%         N/A       100%        6
 Summon Cactus Giant      Summ           0%         N/A       100%        6
 Cigotuvi's Dreadful Rot  Necr/Pois/Air  Unusable   N/A       N/A         2

Dungeon Overview and Level Annotations

Branches:
Dungeon (15/15)            Temple (1/1) D:4            Lair (0/5) D:11
    Orc (0/2) D:9          Vaults (0/5) D:13         Depths (0/4) D:15
 Bailey (visited)

Altars:
Ashenzari
Cheibriados
Dithmenos
Elyvilon
Fedhas
Gozag
Hepliaklqana
Kikubaaqudgha
Makhleb
Nemelex Xobeh
Okawaru
Qazlal
Ru
Sif Muna
Trog
Uskayaw
Vehumet
Wu Jian
Xom
Yredelemnul
Zin
The Shining One

Shops:
D:2 :

Annotations:
D:15 Roxanne


Innate Abilities, Weirdness & Mutations

You are immune to sickness and miasma.
Your stone body is resilient. (AC +10)
You are immune to poison.
Your large and strong wings let you fly.
You resist negative energy. (rN+)
You are resistant to electric shocks. (rElec)
You are resistant to unholy torment.
You are immune to petrification.
Your magical capacity is very low. (-20% MP)
Your muscles are strong. (Str +4, Int/Dex -1)
You have hidden genetic potential.
You sometimes lose the ability to drink potions when taking damage.


Message History

You hit Roxanne.
Roxanne is lightly damaged.
Roxanne mumbles some strange words.
The bolt of magma hits you!! You partially resist.
You hit Roxanne.
Roxanne is lightly damaged.
You hit Roxanne.
Roxanne is lightly damaged.
You hit Roxanne but do no damage.
Roxanne is lightly damaged.
You slash Roxanne! You freeze Roxanne.
Roxanne is lightly damaged.
You slash Roxanne!
Roxanne is moderately damaged.
Roxanne casts a spell.
The crystal spear hits you!!!
You slash Roxanne! You freeze Roxanne.
Roxanne is moderately damaged.
You hit Roxanne.
Roxanne is moderately damaged.
You slash Roxanne! You freeze Roxanne.
Roxanne is moderately damaged.
You hit Roxanne but do no damage.
Roxanne is moderately damaged.
You hit Roxanne but do no damage.
Roxanne is moderately damaged.
You hit Roxanne but do no damage.
Roxanne is moderately damaged.
You slash Roxanne! You freeze Roxanne.
Roxanne is heavily damaged.
You hit Roxanne.
Roxanne is heavily damaged.
You feel very mighty all of a sudden.
You slash Roxanne!
Roxanne is heavily damaged.
Roxanne says, "Come nearer, honey, I don't have a heart of stone."
Roxanne mumbles some strange words.
The crystal spear hits you!!!
Ouch! That really hurt!
You die...

#. .. ###'####.##
#......... .
#........###.#
#........#≈#.#
#........~≈~.# #
#### #...##~~~≈.#.#
...# #.8@.......~.#
# #.~
#...#~~~~~~~.#
#.#.~
###......)...#
#.~.~ #.....~.....
....~
#.....~.#######~~~
#####.#...#.....≈~
######.#.#.#.###.#~
#......# # #.#.....
#......# #.######


You could see Roxanne.

Vanquished Creatures
  Jorgrun (D:14)
  A dire elephant (D:15)
  Josephine (D:13)
  2 vault guards (D:12)
  A hydra (D:15)
  An ogre mage (D:15)
  6 centaur warriors
  A death knight (D:14)
  A catoblepas (D:14)
  7 two-headed ogres
  An orc high priest (Bailey)
  Amaemon (D:8)
  The ghost of kuniqs the Spear-Bearer, a novice DsFi of Qazlal (D:9)
  4 skeletal warriors (D:14)
  A deep elf archer (D:13)
  The ghost of crabbyslav the Skirmisher, a novice MiHu of Dithmenos (D:6)
  Pikel (D:8)
  The ghost of Talonman3 the Conjurer, a novice DrCj (D:6)
  2 deep elf pyromancers
  3 necromancers (D:13)
  A wolf spider (D:15)
  The ghost of Gladio the Trooper, a novice DjFE of Makhleb (D:6)
  19 ugly things
  2 manticores (D:15)
  5 cyclopes
  A salamander (D:15)
  The ghost of Vontreibholz the Covered, a novice MiFi of Okawaru (D:6)
  2 gargoyles
  An orange demon (D:8)
  An unseen horror (D:11)
  A yaktaur (D:13)
  2 kobold demonologists
  3 freezing wraiths
  3 trolls
  A troll (shapeshifter) (D:14)
  A wind drake (shapeshifter) (D:15)
  A centaur simulacrum (D:14)
  3 water elementals (D:15)
  5 shadows
  3 slime creatures (D:14)
  20 yaks
  18 humans (D:13)
  6 wraiths (D:13)
  3 vampires
  2 wyverns
  2 neqoxecs (D:9)
  A basilisk (D:13)
  5 vampire mosquitoes (D:12)
  3 wargs (D:11)
  A steam dragon (D:7)
  3 acid dragons
  2 water moccasins
  14 orc warriors
  A black bear (D:7)
  An ice beast (D:8)
  2 ogres
  9 centaurs
  The ghost of Talonman3 the Conjurer, an amateur DrCj (D:6)
  6 bullfrogs
  2 kobold brigands
  3 gnoll sergeants
  4 scorpions
  4 wights (D:9)
  18 killer bees
  6 howler monkeys
  18 electric eels
  4 crimson imps (D:5)
  2 quasits (D:9)
  7 orc priests
  2 hounds (D:5)
  A jelly (D:5)
  A gnoll bouda (D:8)
  3 sleepcaps
  An iguana (D:6)
  13 orc wizards
  Ijyb (D:3)
  5 adders
  18 gnolls
  2 shadow imps
  2 white imps
  31 orcs
  11 ball pythons
  6 endoplasms
  4 giant cockroaches
  16 goblins
  12 hobgoblins
  3 jackals (D:5)
  2 quokkas
  8 bats
  2 frilled lizards
  13 kobolds
  A rat (D:3)
421 creatures vanquished.

Notes
Turn   | Place    | Note
-------+----------+-------------------------------------------
     0 | D:1      | Revguard the Gargoyle Fighter began the quest for the Orb.
     0 | D:1      | Reached XP level 1. HP: 14/14 MP: 1/1
   116 | D:1      | Reached XP level 2. HP: 19/19 MP: 2/2
   785 | D:2      | Reached XP level 3. HP: 23/23 MP: 3/3
  1101 | D:2      | Found Qinecad's Book Shoppe.
  1485 | D:3      | Reached skill level 1 in Invocations
  1485 | D:3      | Reached XP level 4. HP: 29/29 MP: 4/4
  1555 | D:3      | Noticed Ijyb
  1568 | D:3      | Killed Ijyb
  1569 | D:3      | Reached skill level 1 in Dodging
  1569 | D:3      | Reached skill level 1 in Evocations
  1838 | D:3      | Found an iron altar of Okawaru.
  1881 | D:3      | Reached XP level 5. HP: 9/33 MP: 4/6
  2230 | D:3      | Identified 3 scrolls of acquirement
  2230 | D:3      | Acquired the ring "Ujuer" {rN+++ AC+4 Int-5}
  2233 | D:3      | Acquired 509 gold pieces
  2235 | D:3      | Acquired a manual of Shields
  2476 | D:4      | Reached skill level 4 in Shields
  2476 | D:4      | Reached XP level 6. HP: 38/38 MP: 7/7
  2746 | D:4      | Found a staircase to the Ecumenical Temple.
  2764 | Temple   | Entered the Ecumenical Temple
  2802 | Temple   | Became a worshipper of the Shining One
  3116 | D:5      | Entered Level 5 of the Dungeon
  3143 | D:5      | Acquired 607 gold pieces
  3256 | D:2      | Bought a manual of Axes for 800 gold pieces
  3386 | D:5      | Reached skill level 1 in Axes
  3387 | D:5      | Reached XP level 7. HP: 29/44 MP: 8/8
  3490 | D:5      | Found a basalt altar of Yredelemnul.
  3493 | D:5      | Found a radiant altar of Vehumet.
  3661 | D:5      | Reached skill level 5 in Shields
  3751 | D:5      | Found a shimmering altar of Xom.
  4175 | D:5      | Gained mutation: Your body sometimes deteriorates upon
                  | taking damage. [potion of mutation]
  4208 | D:6      | Reached * piety under the Shining One
  4247 | D:6      | Reached XP level 8. HP: 48/48 MP: 10/10
  4319 | D:6      | Reached skill level 5 in Fighting
  4325 | D:6      | Found a runed translucent gate.
  4326 | D:6      | Found a runed translucent gate.
  4328 | D:6      | Found a runed translucent gate.
  4328 | D:6      | Noticed Talonman3's ghost (amateur DrCj)
  4328 | D:6      | Noticed Gladio's ghost (novice DjFE)
  4328 | D:6      | Noticed crabbyslav's ghost (novice MiHu)
  4329 | D:6      | Noticed Talonman3's ghost (novice DrCj)
  4329 | D:6      | Noticed Vontreibholz's ghost (novice MiFi)
  4716 | D:6      | Killed Gladio's ghost
  4717 | D:6      | Reached skill level 5 in Armour
  4717 | D:6      | Reached skill level 6 in Shields
  4718 | D:6      | Killed Talonman3's ghost
  4719 | D:6      | Reached skill level 7 in Shields
  4719 | D:6      | Reached XP level 9. HP: 50/55 MP: 9/12
  4728 | D:6      | Killed Talonman3's ghost
  4733 | D:6      | Killed crabbyslav's ghost
  4734 | D:6      | Reached skill level 5 in Axes
  4752 | D:6      | Killed Vontreibholz's ghost
  4930 | D:7      | Reached skill level 5 in Invocations
  4943 | D:7      | Reached skill level 8 in Shields
  5150 | D:7      | Reached XP level 10. HP: 61/61 MP: 12/14
  5563 | D:8      | Found a blossoming altar of Fedhas.
  5563 | D:8      | Found a white marble altar of Elyvilon.
  5603 | D:8      | Found a flagged portal.
  5625 | Bailey   | Entered a bailey
  5784 | Bailey   | Reached ** piety under the Shining One
  5822 | Bailey   | Noticed an orc high priest
  5828 | Bailey   | Noticed a rust devil
  5828 | Bailey   | Noticed a sixfirhy
  5829 | Bailey   | Noticed a sixfirhy
  5840 | Bailey   | HP: 3/63 [sixfirhy[an orc high priest] (4)]
  5846 | Bailey   | Killed an orc high priest
  5847 | Bailey   | Reached skill level 9 in Shields
  5847 | Bailey   | Reached skill level 5 in Evocations
  6098 | Bailey   | Acquired the ring of Wu Jian's Condemnation {rElec rF+
                  | Will+ Slay+2 Stlth+}
  6182 | Bailey   | Found an iron altar of Okawaru.
  6182 | Bailey   | Noticed a kobold demonologist
  6192 | Bailey   | Killed a kobold demonologist
  6298 | Bailey   | Lost mutation: Your body sometimes deteriorates upon taking
                  | damage. [potion of mutation]
  6298 | Bailey   | Gained mutation: Your large and strong wings let you fly.
                  | [potion of mutation]
  6299 | Bailey   | Lost mutation: Your large and strong wings let you fly.
                  | [potion of mutation]
  6299 | Bailey   | Gained mutation: You have sharp toenails. [potion of
                  | mutation]
  6299 | Bailey   | Gained mutation: Armour fits poorly on your strangely
                  | shaped body. [potion of mutation]
  6434 | D:8      | Noticed Pikel
  6447 | D:8      | Killed Pikel
  6507 | D:8      | Reached XP level 11. HP: 63/68 MP: 15/15
  6726 | D:8      | Reached skill level 5 in Dodging
  7001 | D:8      | Noticed Amaemon
  7016 | D:8      | Killed Amaemon
  7017 | D:8      | Reached skill level 10 in Shields
  7204 | D:8      | Found a sparkling altar of Nemelex Xobeh.
  7206 | D:8      | Found a shadowy altar of Dithmenos.
  7511 | D:9      | Found a staircase to the Orcish Mines.
  7680 | D:9      | Found a transporter.
  7683 | D:9      | Noticed kuniqs's ghost (novice DsFi)
  7685 | D:9      | Reached *** piety under the Shining One
  7805 | D:9      | Noticed a two-headed ogre
  7823 | D:9      | Killed a two-headed ogre
  7851 | D:9      | Reached skill level 11 in Shields
  8345 | D:9      | Found a transporter.
  8604 | D:9      | Gained mutation: You occasionally lose the ability to drink
                  | potions when taking damage. [a neqoxec]
  8614 | D:9      | Killed kuniqs's ghost
  8616 | D:9      | Gained mutation: Your magical capacity is low. (-10% MP) [a
                  | neqoxec]
  8622 | D:9      | Gained mutation: You sometimes lose the ability to drink
                  | potions when taking damage. [a neqoxec]
  8624 | D:9      | Reached XP level 12. HP: 73/75 MP: 15/15
  8661 | D:10     | Entered Level 10 of the Dungeon
  9771 | D:11     | Noticed a two-headed ogre
  9783 | D:11     | Killed a two-headed ogre
  9972 | D:11     | Identified the +9 scale mail "Mixkucaw" {Fly rC++ rCorr
                  | Str+2}
 10019 | D:11     | Found a staircase to the Lair.
 10032 | D:11     | Reached skill level 12 in Shields
 10560 | D:12     | Noticed a two-headed ogre
 10560 | D:12     | Reached **** piety under the Shining One
 10567 | D:12     | Killed a two-headed ogre
 10769 | D:12     | Reached skill level 10 in Axes
 10914 | D:12     | Noticed a two-headed ogre
 10923 | D:12     | Killed a two-headed ogre
 11672 | D:13     | Reached XP level 13. HP: 82/82 MP: 17/17
 11708 | D:13     | Lost mutation: You have sharp toenails. [potion of
                  | mutation]
 11708 | D:13     | Lost mutation: Armour fits poorly on your strangely shaped
                  | body. [potion of mutation]
 11708 | D:13     | Gained mutation: You have hidden genetic potential. [potion
                  | of mutation]
 11708 | D:13     | Gained mutation: Your magical capacity is very low. (-20%
                  | MP) [potion of mutation]
 11713 | D:13     | Found a gate to the Vaults.
 11713 | D:13     | Noticed a vault guard
 11713 | D:13     | Noticed a vault guard
 12025 | D:12     | Killed a vault guard
 12026 | D:12     | Reached skill level 10 in Fighting
 12026 | D:12     | Reached skill level 13 in Shields
 12226 | D:12     | Killed a vault guard
 12605 | D:13     | Noticed Josephine
 12619 | D:13     | Killed Josephine
 12626 | D:13     | Reached skill level 10 in Armour
 13668 | D:14     | Noticed Jorgrun
 13682 | D:14     | Killed Jorgrun
 14007 | D:14     | Reached skill level 14 in Shields
 14007 | D:14     | Gained mutation: Your large and strong wings let you fly.
                  | [Gargoyle growth]
 14007 | D:14     | Reached XP level 14. HP: 50/88 MP: 2/17
 14166 | D:14     | Gained mutation: Your muscles are strong. (Str +4, Int/Dex
                  | -1) [hidden potential]
 14210 | D:14     | Reached skill level 10 in Invocations
 14499 | D:15     | Entered Level 15 of the Dungeon
 14705 | D:15     | Found a staircase to the Depths.
 14705 | D:15     | Noticed a dire elephant
 14722 | D:15     | Killed a dire elephant
 15261 | D:15     | Reached ***** piety under the Shining One
 15540 | D:15     | Noticed Roxanne
 15724 | D:15     | Killed from afar by Roxanne

Illustrated notes

Levels and vault maps discovered:
D:1:      saegor_arrival_under_anarchy, layout_basic
D:2:      layout_rooms, serial_shops, nicolae_diamond_shop,
          kennysheep_flooded_box
D:3:      layout_basic, nicolae_overflow_hidden_temple, uniq_ijyb
D:4:      layout_cave_pools, minmay_temple_entry_arrows
D:5:      layout_basic, led_xom_imps, gammafunk_temple_overflow_pools
D:6:      layout_cave_pools, gammafunk_ghost_cemetery
D:7:      layout_loops_ring
D:8:      layout_loops_ring, mainiacjoe_overflow_alcove_3, enter_bailey_2,
          uniq_amaemon, uniq_pikel
D:9:      layout_basic, minmay_orc_entry_temple_small,
          gammafunk_ghost_stat_death, minmay_stone_trees_medium
D:10:     layout_long_grid
D:11:     layout_basic, erik_lair_orcish_takeover,
          chequers_hall_statues_corner_a
D:12:     layout_loops_cross
D:13:     layout_gridville, grunt_vaults_entry_tiered, uniq_josephine
D:14:     layout_irregular_city, uniq_jorgrun
D:15:     hangedman_depths_entry_try_elsewhere_first, layout_basic,
          minmay_fractal_squares_diagonal_5, uniq_roxanne
Temple:   compressed_dpeg_circular_temple

Skill      XL: |  1  2  3  4  5  6  7  8  9 10 11 12 13 14 |
---------------+-------------------------------------------+-----
Invocations    | 1 2 3 4 5 6 7 8 9 10 | 10.5
Dodging        | 1 2 3 4 5 6 7 8 |  8.1
Evocations     | 1 2 3 4 5 6 7 8 |  8.9
Fighting       | 4 5 6 7 8 9 10 11 | 11.4
Maces & Flails | 3 |  3.1
Armour         | 4 5 6 7 8 9 10 11 | 11.1
Shields        | 4 5 7 8 9 11 12 14 | 14.7
Axes           | 1 2 4 6 7 9 10 11 12 | 12.6

Action                     |  1- 3 |  4- 6 |  7- 9 | 10-12 | 13-15 || total
---------------------------+-------+-------+-------+-------+-------++-------
  Melee: Flail             |    89 |   156 |       |       |       ||   245
         War axe           |       |     8 |   158 |   555 |   389 ||  1110
 Invoke: Divine Shield     |       |       |     1 |     2 |     3 ||     6
         Cleansing Flame   |       |       |       |     1 |     5 ||     6
  Evoke: Wand              |       |     3 |       |     6 |    15 ||    24
    Use: Scroll            |       |     8 |     6 |     8 |     6 ||    28
         Potion            |       |     6 |     1 |     5 |     8 ||    20
   Stab: Distracted        |       |     1 |       |       |       ||     1
 Armour: Scale mail        |    45 |    28 |       |       |       ||    73
         Ring mail         |       |   178 |   144 |   520 |   406 ||  1248
  Dodge: Dodged            |    57 |   135 |    85 |   361 |   192 ||   830
  Block: Buckler           |    31 |    65 |    49 |   226 |   156 ||   527

Table legend: (Time is in decaauts)
 A = Elapsed time spent in this place.
 B = Non-inter-level travel time spent in this place.
 C = Inter-level travel time spent in this place.
 D = Time resting spent in this place.
 E = Time spent auto-exploring this place.
 F = Levels seen in this place.
 G = Mean time per level.
                   A        B        C        D        E       F      G
               +--------+--------+--------+--------+--------+-----+--------+
         Total |  15901 |  15137 |    764 |   1298 |  10218 |  17 |  935.4 |
       Dungeon |  15126 |  14392 |    734 |   1119 |  10111 |  15 | 1008.4 |
        Temple |     68 |     38 |     30 |      0 |      0 |   1 |   68.0 |
        Bailey |    705 |    705 |      0 |    179 |    107 |   1 |  705.0 |
               +--------+--------+--------+--------+--------+-----+--------+

Top non-repeatable levels by time:
    D:13: 1485 daAuts
    D:12: 1446 daAuts
     D:9: 1427 daAuts
     D:3: 1325 daAuts
    D:15: 1207 daAuts
    D:14: 1097 daAuts
     D:8: 1012 daAuts
    D:10: 992 daAuts
     D:5: 926 daAuts
    D:11: 826 daAuts
     D:1: 745 daAuts
  Bailey: 705 daAuts
     D:6: 699 daAuts
     D:4: 692 daAuts
     D:7: 682 daAuts
